 Dungeon Crawl Stone Soup version 0.23.0-3-gf3c87f2 (webtiles) character file.

Game seed: 8300606740520965748

768 wolfsongas the Fighter (level 7, -6/87 HPs)
             Began as an Ogre Fighter on Feb 22, 2019.
             Killed from afar by Sigmund (7 damage)
             ... with a magic dart
             ... on level 3 of the Dungeon.
             The game lasted 00:10:34 (3551 turns).

wolfsongas the Fighter (Ogre Fighter)               Turns: 3551, Time: 00:10:35

Health: -6/87      AC:  5    Str: 21 (22) XL:     7   Next: 82%
Magic:  7/7        EV: 10    Int:  7 (9)  God:
Gold:   99         SH:  9    Dex:  9      Spells: 6/6 levels left

rFire    . . .     SeeInvis .   a - +0 flail
rCold    . . .     Gourm    .   c - +1 shield
rNeg     . . .     Faith    .   b - +0 robe
rPois    .         Spirit   .   h - +2 hat
rElec    .         Reflect  .   (no cloak)
rCorr    .         Harm     .   (gloves unavailable)
MR       .....                  (boots unavailable)
Stlth    ..........             (no amulet)
HPRegen  0.24/turn              i - ring of attention (curse)
MPRegen  0.10/turn              (no ring)

@: flying, very slightly contaminated, invisible
A: large, unfitting armour, tough skin 1
a: no special abilities


You were on level 3 of the Dungeon.
You were not hungry.

You visited 1 branch of the dungeon, and saw 3 of its levels.
You also visited: Sewer.

You collected 99 gold pieces.

Inventory:

Hand Weapons
 a - a +0 flail (weapon)
Armour
 b - a +0 robe (worn)
 c - a +1 shield (worn)
 h - a +2 hat (worn)
Jewellery
 i - a cursed ring of attention (left hand)
Scrolls
 g - a scroll of identify
 j - a scroll of fear
 k - a scroll of blinking
Potions
 d - 3 potions of magic
Comestibles
 f - a ration


   Skills:
 * Level 10.8 Fighting
 + Level 7.1 Maces & Flails
 + Level 7.1 Dodging
 - Level 0.1 Stealth
 - Level 2.6 Shields


You had 6 spell levels left.
You didn't know any spells.
Your spell library contained the following spells:

 Spells                   Type           Power        Failure   Level  Hunger
 Summon Small Mammal      Summ           #...         88%         1    ##.....
 Call Imp                 Summ           #.......     95%         2    ###....
 Call Canine Familiar     Summ           #.......     99%         3    ####...
 Summon Guardian Golem    Hex/Summ       #.......     99%         3    ####...
 Summon Ice Beast         Ice/Summ       #.......     100%        4    #####..
 Summon Lightning Spire   Summ/Air       #.......     100%        4    #####..


Dungeon Overview and Level Annotations

Branches:
Dungeon (3/15)

Altars:
Cheibriados
Sif Muna
Yredelemnul

Annotations:
D:3 Sigmund


Innate Abilities, Weirdness & Mutations

You are too large for most types of armour.
You have tough skin. (AC +1)


Message History

The puff of flame hits you.
You barely miss something. Something hits you.
You closely miss something. You closely miss something.
You hear a zap.
A puff of flame appears from out of thin air!
The puff of flame hits you!
* * * LOW HITPOINT WARNING * * *
You barely miss something. Something hits you!
* * * LOW HITPOINT WARNING * * *
You closely miss something.
You hear some strange, mumbled words.
A magic dart appears from out of thin air!
The magic dart hits you!
* * * LOW HITPOINT WARNING * * *
You hit something but do no damage.
You hear some strange, mumbled words.
A magic dart appears from out of thin air!
The magic dart hits you!
You die...

#.. ###
#.#
#.....###
#.. #.#
#.#......
#.# #.#
#†##.####
##.#
#####.#
#.##.####
.#.#
#.....#
#.##.....
...######.
#.#####
#.#######
..........
##.## #.#
..<###
#.#...####
#)# ...#
#.....@{.#
#># ..##
###...##.#
.## ##.##
..# ##
.... #...
#.####.#
...### #.#
#.# #.##
#.# #.#
#.# #.#
#.# #.#
##### #.#
#.#.##.#


There were no monsters in sight!

Vanquished Creatures
  6 big kobolds (Sewer)
  Ijyb (D:3)
  Terence (D:3)
  A worker ant (D:3)
  7 adders
  3 river rats
  4 oozes (Sewer)
  5 worms
  A dart slug (D:2)
  4 leopard geckos
  3 giant cockroaches
  8 goblins
  16 hobgoblins
  6 jackals
  19 kobolds
  6 ball pythons
  6 bats
  2 frilled lizards (D:1)
  8 rats
107 creatures vanquished.

Notes
Turn   | Place    | Note
-------+----------+-------------------------------------------
     0 | D:1      | wolfsongas the Ogre Fighter began the quest for the Orb.
     0 | D:1      | Reached XP level 1. HP: 24/24 MP: 1/1
   173 | D:1      | Reached XP level 2. HP: 17/33 MP: 2/2
   886 | D:1      | Reached XP level 3. HP: 38/41 MP: 3/3
  1423 | D:2      | Found a deep blue altar of Sif Muna.
  1442 | D:2      | Reached skill level 5 in Fighting
  1733 | D:2      | Reached XP level 4. HP: 17/50 MP: 4/4
  1979 | D:2      | Found a basalt altar of Yredelemnul.
  2018 | D:2      | Reached skill level 10 in Fighting
  2018 | D:2      | Reached XP level 5. HP: 68/68 MP: 5/5
  2057 | D:2      | Found a snail-covered altar of Cheibriados.
  2463 | D:3      | Noticed Ijyb
  2480 | D:3      | Killed Ijyb
  2537 | D:3      | Noticed Terence
  2573 | D:3      | Killed Terence
  2679 | D:3      | Reached XP level 6. HP: 69/78 MP: 6/6
  2693 | D:3      | Found a glowing drain.
  2705 | Sewer    | Entered a sewer
  2936 | Sewer    | Reached XP level 7. HP: 86/87 MP: 7/7
  3522 | D:3      | Noticed Sigmund
  3550 | D:3      | HP: 1/87 [something/magic dart (10)]
  3551 | D:3      | Killed from afar by Sigmund

Skill      XL: |  1  2  3  4  5  6  7 |
---------------+----------------------+-----
Maces & Flails | 2 6 7 |  7.1
Dodging        | 3 6 7 |  7.1
Fighting       | 5 10 | 10.8
Stealth        | |  0.1
Shields        | |  2.6

Action                   |  1- 3 |  4- 6 |  7- 9 || total
-------------------------+-------+-------+-------++-------
Melee: Flail             |   158 |   160 |    98 ||   416
  Use: Potion            |     3 |     3 |     2 ||     8
       Scroll            |       |     6 |     3 ||     9
  Eat: Ration            |     1 |     1 |     1 ||     3
       Chunk             |       |       |     2 ||     2
Armor: Robe              |    55 |    39 |    16 ||   110
       Skin              |       |     8 |       ||     8
Dodge: Dodged            |    65 |    42 |    22 ||   129
Block: Shield            |    81 |    50 |    37 ||   168
